 Dungeon Crawl Stone Soup version 0.21-a0-630-g344d351 (webtiles) character file.

7119 DogShitOnMyToe the Severer (level 11, -4/95 HPs)
             Began as a Hill Orc Fighter on Dec 8, 2017.
             Was a Believer of Makhleb.
             Slain by an orc warrior
             ... wielding a +0 glaive
              (33 damage)
             ... in a bailey on Dec 27, 2017.
             The game lasted 00:30:53 (11243 turns).

DogShitOnMyToe the Severer (Hill Orc Fighter)      Turns: 11243, Time: 00:30:53

Health: -4/95      AC: 19    Str: 20    XL:     11   Next: 10%
Magic:  16/16      EV:  6    Int:  8    God:    Makhleb [**....]
Gold:   401        SH:  0    Dex: 16    Spells: 10/10 levels left

rFire    . . .     SeeInvis .   H - +0 battleaxe
rCold    . . .     Gourm    .   (shield currently unavailable)
rNeg     . . .     Faith    +   n - +1 plate armour
rPois    +         Spirit   .   (no helmet)
rElec    .         Reflect  .   D - +0 cloak
rCorr    .         Harm     .   (no gloves)
MR       .....                  A - +2 pair of boots
Stlth    ..........             s - amulet of faith
HPRegen  0.25/turn              e - +3 ring of dexterity
MPRegen  0.15/turn              q - ring of poison resistance

@: no status effects
A: no striking features
a: Minor Destruction, Renounce Religion


You were in a bailey.
You worshipped Makhleb.
Makhleb was pleased with you.
You were not hungry.

You visited 2 branches of the dungeon, and saw 11 of its levels.
You also visited: Bailey.

You collected 401 gold pieces.

Inventory:

Hand Weapons
 H - a +0 battleaxe (weapon)
 K - a +2 scimitar of venom
 L - a +1 mace of crushing
Missiles
 o - 29 tomahawks (quivered)
 w - 2 throwing nets
Armour
 a - a cursed +0 plate armour
 c - a +0 shield
 n - a +1 plate armour (worn)
 A - a +2 pair of boots (worn)
 D - a +0 cloak (worn)
Jewellery
 e - a +3 ring of dexterity (left hand)
 m - an uncursed ring of ice
 q - a ring of poison resistance (right hand)
 s - an amulet of faith (around neck)
 x - an uncursed ring of flight
Wands
 v - a wand of digging (12)
Scrolls
 g - 4 scrolls of fog
 i - 2 scrolls of remove curse
 l - 6 scrolls of teleportation
 r - 6 scrolls of identify
 t - a scroll of enchant armour
 u - a scroll of magic mapping
 y - a scroll of fear {unknown}
 B - 2 scrolls of amnesia {unknown}
 C - 2 scrolls of blinking {unknown}
 E - 2 scrolls of enchant weapon {unknown}
 I - a scroll of acquirement {unknown}
Potions
 d - 3 potions of curing
 j - 2 potions of heal wounds
 k - a potion of mutation {unknown}
 p - a potion of agility
 z - a potion of brilliance {unknown}
 J - a potion of berserk rage
Books
 h - a book of Frost

   Spells                             Type                      Level
   a - Freeze                         Ice                          1
   b - Throw Frost                    Conjuration/Ice              2
   c - Ozocubu's Armour               Charms/Ice                   3
   d - Throw Icicle                   Conjuration/Ice              4
   e - Summon Ice Beast               Ice/Summoning                4
 F - a book of Changes

   Spells                             Type                      Level
   a - Beastly Appendage              Transmutation                1
   b - Sticks to Snakes               Transmutation                2
   c - Spider Form                    Transmutation/Poison         3
   d - Ice Form                       Ice/Transmutation            4
   e - Blade Hands                    Transmutation                5
 G - a book of Cantrips

   Spells                             Type                      Level
   a - Confusing Touch                Hexes                        1
   b - Animate Skeleton               Necromancy                   1
   c - Summon Small Mammal            Summoning                    1
   d - Apportation                    Translocation                1
 Y - a book of Minor Magic

   Spells                             Type                      Level
   a - Magic Dart                     Conjuration                  1
   b - Blink                          Translocation                2
   c - Call Imp                       Summoning                    2
   d - Slow                           Hexes                        2
   e - Conjure Flame                  Conjuration/Fire             3
   f - Mephitic Cloud                 Conjuration/Poison/Air       3
Comestibles
 f - 5 rations
 Z - 4 chunks of flesh


   Skills:
 + Level 8.5 Fighting
 - Level 16.0 Axes
 + Level 7.8 Armour
 - Level 3.2 Shields
 - Level 7.0 Invocations


You had 10 spell levels left.
You didn't know any spells.

Dungeon Overview and Level Annotations

Branches:
Dungeon (10/15)            Temple (1/1) D:6            Lair (0/6) D:8
    Orc: D:9-12

Altars:
Ashenzari
Cheibriados
Dithmenos
Elyvilon
Fedhas
Gozag
Hepliaklqana
Kikubaaqudgha
Makhleb
Nemelex Xobeh
Okawaru
Qazlal
Ru
Sif Muna
Trog
Uskayaw
Vehumet
Wu Jian
Xom
Yredelemnul
Zin
The Shining One

Shops:
D:5 =


Message History

The orc warrior shouts!
As you read the scroll of teleportation, it crumbles to dust.
You feel strangely unstable.
The orc warrior hits you from afar with a spear!
* * * LOW HITPOINT WARNING * * *
The orc warrior shoots a bolt.
The bolt hits you!
* * * LOW HITPOINT WARNING * * *
The orc warrior shoots a bolt.
The bolt hits you.
* * * LOW HITPOINT WARNING * * *
You see here a bolt.
The orc knight roars a battlecry!
The orc warrior goes into a battle-frenzy!
The orc warrior hits you from afar with a spear!
* * * LOW HITPOINT WARNING * * *
The orc warrior shoots a bolt.
The bolt hits you.
* * * LOW HITPOINT WARNING * * *
You see here a bolt.
Your surroundings suddenly seem different.
The orc warrior hits you from afar with a glaive!!
You die...

#......≈##.∩#≈≈≈)≈≈≈≈≈≈≈≈≈≈≈≈≈
#......≈..^..≈≈≈≈≈≈≈≈≈≈≈≈≈≈≈≈≈
#.....)≈##.##≈≈≈≈≈≈≈≈≈≈≈≈≈≈≈≈≈
#......≈≈#)#≈≈≈≈≈≈≈≈≈≈≈≈≈≈≈≈≈≈
#......≈≈≈≈≈≈≈≈≈≈≈≈≈≈≈o≈≈≈≈≈≈≈
#.................(....(......
#...............o..(..........
#..............o..............
#.........(..@.....o.(........
#.∩(..........................
#∩.............)..............
##############################


You could see an orc knight and 2 orc warriors.

Vanquished Creatures
  A two-headed ogre (D:9)
  The ghost of mandarbmax the Slicer, a novice SpEn of Wu Jian (D:9)
  A lindwurm (D:8)
  The ghost of marriedatthemol the Slinger, a novice HaHu of Okawaru (D:6)
  2 trolls
  Prince Ribbit (D:6)
  A hippogriff (D:8)
  Menkaure (D:4)
  A hungry ghost (D:8)
  A naga (D:8)
  2 hell hounds (D:8)
  6 orc warriors
  A hornet zombie (D:9)
  A sky beast (D:4)
  3 phantoms
  2 ice beasts
  5 ogres
  A boggart (D:6)
  3 centaurs
  9 bullfrogs
  3 scorpions
  3 howler monkeys
  A crimson imp (D:7)
  4 jellies
  3 orc priests
  3 hounds
  8 orc wizards
  Natasha (thrice) (D:2)
  An iguana (D:5)
  3 worker ants
  A hound zombie (D:10)
  A worker ant zombie (D:7)
  8 adders
  2 shadow imps
  2 oozes
  An adder zombie (D:5)
  3 adder skeletons
  2 worms
  5 dart slugs
  3 leopard geckos
  30 orcs
  A ball python (D:4)
  6 giant cockroaches
  10 goblins
  9 hobgoblins
  16 jackals
  3 quokkas
  A ball python skeleton (D:4)
  7 bats
  8 frilled lizards
  8 kobolds
  A leopard gecko skeleton (D:4)
  7 rats
211 creatures vanquished.

Notes
Turn   | Place    | Note
-------+----------+-------------------------------------------
     0 | D:1      | DogShitOnMyToe the Hill Orc Fighter began the quest for the Orb.
     0 | D:1      | Reached XP level 1. HP: 19/19 MP: 1/1
    65 | D:1      | Reached skill level 3 in Axes
   144 | D:1      | Reached XP level 2. HP: 24/26 MP: 2/2
   167 | D:1      | HP: 13/26 [kobold/whip (3)]
   374 | D:1      | Reached skill level 4 in Axes
   463 | D:1      | Reached XP level 3. HP: 25/31 MP: 3/3
   631 | D:1      | Reached skill level 5 in Axes
  1260 | D:2      | Noticed Natasha
  1280 | D:2      | Killed Natasha
  1280 | D:2      | Reached skill level 6 in Axes
  1280 | D:2      | Reached XP level 4. HP: 27/39 MP: 4/4
  1291 | D:2      | Noticed Natasha
  1302 | D:2      | HP: 19/39 [Natasha (6)]
  1304 | D:2      | Killed Natasha
  1504 | D:2      | Noticed Natasha
  1512 | D:2      | Killed Natasha
  1512 | D:2      | Reached XP level 5. HP: 31/45 MP: 5/5
  1970 | D:2      | Reached skill level 7 in Axes
  2860 | D:4      | HP: 21/45 [orc wizard/puff of frost (12)]
  2865 | D:4      | Reached skill level 8 in Axes
  2865 | D:4      | Reached XP level 6. HP: 20/51 MP: 6/6
  3066 | D:4      | Noticed a phantom
  3106 | D:4      | Killed a phantom
  3140 | D:4      | Reached skill level 9 in Axes
  3210 | D:4      | Noticed Menkaure
  3221 | D:4      | HP: 19/51 [Menkaure (16)]
  3225 | D:4      | HP: 2/51 [Menkaure (16)]
  3226 | D:4      | Killed Menkaure
  3226 | D:4      | Reached skill level 10 in Axes
  3226 | D:4      | Reached XP level 7. HP: 3/57 MP: 7/7
  3661 | D:4      | Found a stormy altar of Qazlal.
  3809 | D:4      | Reached skill level 11 in Axes
  3988 | D:5      | Entered Level 5 of the Dungeon
  4195 | D:5      | HP: 25/57 [ogre/giant spiked club (12)]
  4196 | D:5      | Reached XP level 8. HP: 28/64 MP: 8/8
  4417 | D:5      | Reached skill level 12 in Axes
  4817 | D:5      | Found Veeddix's Jewellery Shoppe.
  4822 | D:5      | Upgraded the game from 0.21-a0-528-gf531e82 to 0.21-a0-630-g344d351
  4916 | D:5      | HP: 32/64 [ice beast (7)]
  5286 | D:6      | Noticed marriedatthemol's ghost (novice HaHu)
  5286 | D:6      | marriedatthemol's ghost turns its malevolent gaze towards you.
  5416 | D:6      | marriedatthemol's ghost turns its malevolent gaze towards you.
  5424 | D:6      | Killed marriedatthemol's ghost
  5424 | D:6      | Reached skill level 14 in Axes
  5424 | D:6      | Reached XP level 9. HP: 70/70 MP: 9/9
  5460 | D:6      | Noticed a dagger
  5461 | D:6      | Noticed a dagger
  5464 | D:6      | Found a hide-covered altar of Uskayaw.
  5561 | D:6      | Noticed Prince Ribbit
  5620 | D:6      | Killed Prince Ribbit
  5805 | D:6      | Found a staircase to the Ecumenical Temple.
  5820 | Temple   | Entered the Ecumenical Temple
  5918 | Temple   | Became a worshipper of Makhleb the Destroyer
  5943 | D:6      | Reached skill level 15 in Axes
  6028 | D:6      | Found a glowing silver altar of Zin.
  6028 | D:6      | Found a glowing golden altar of the Shining One.
  6177 | D:6      | Found a runed door.
  6330 | D:6      | Noticed Crazy Yiuf
  6331 | D:6      | Noticed Crazy Yiuf
  6331 | D:6      | Crazy Yiuf changed into Crazy Yiuf the boggart
  6343 | D:6      | Killed Crazy Yiuf the boggart
  6572 | D:7      | Identified a book of Changes
  6593 | D:7      | Identified a book of Minor Magic
  7561 | D:8      | Reached skill level 16 in Axes
  7608 | D:8      | HP: 32/70 [orc warrior/trident (10)]
  7613 | D:8      | HP: 28/70 [naga/trident (1)]
  7620 | D:8      | Reached skill level 2 in Invocations
  7622 | D:8      | HP: 20/70 [bullfrog (5)]
  7631 | D:7      | HP: 20/70 [bullfrog (1)]
  7634 | D:7      | Reached skill level 3 in Invocations
  7891 | D:8      | Identified a book of Cantrips
  7903 | D:8      | Reached skill level 4 in Invocations
  7905 | D:8      | Found a staircase to the Lair.
  8061 | D:8      | Found an ornate altar of the Wu Jian Council.
  8094 | D:8      | Reached skill level 5 in Invocations
  8094 | D:8      | Reached XP level 10. HP: 74/77 MP: 12/14
  8202 | D:8      | Found a bloodstained altar of Trog.
  8240 | D:8      | Reached skill level 6 in Invocations
  8272 | D:8      | Reached skill level 7 in Invocations
  8275 | D:8      | Noticed a two-headed ogre
  8391 | D:8      | HP: 30/77 [hell hound/blast of flame (11)]
  8393 | D:8      | Reached * piety under Makhleb
  8638 | D:8      | Noticed a two-headed ogre
  8640 | D:8      | Noticed a lindwurm
  8640 | D:8      | a two-headed ogre changed into a lindwurm
  8653 | D:8      | Killed a lindwurm
  8653 | D:8      | Reached skill level 4 in Fighting
  8653 | D:8      | Reached skill level 4 in Armour
  9056 | D:9      | Found an opulent altar of Gozag.
  9063 | D:9      | Reached skill level 5 in Fighting
  9093 | D:9      | Noticed mandarbmax's ghost (novice SpEn)
  9093 | D:9      | mandarbmax's ghost turns its malevolent gaze towards you.
  9140 | D:8      | Reached skill level 5 in Armour
  9192 | D:9      | Killed mandarbmax's ghost
  9192 | D:9      | Reached skill level 6 in Fighting
  9244 | D:9      | Identified a book of Frost
  9299 | D:8      | HP: 29/84 [orc warrior/battleaxe (17)]
  9301 | D:8      | HP: 12/84 [orc warrior/battleaxe (17)]
  9311 | D:8      | HP: 17/84 [orc warrior/battleaxe (14)]
  9316 | D:8      | HP: 10/84 [orc warrior/battleaxe (8)]
  9727 | D:9      | Reached skill level 6 in Armour
  9898 | D:9      | Reached skill level 7 in Fighting
 10016 | D:9      | Noticed a two-headed ogre
 10025 | D:9      | HP: 35/86 [two-headed ogre/giant club (12)]
 10028 | D:9      | Killed a two-headed ogre
 10028 | D:9      | Reached skill level 7 in Armour
 10329 | D:9      | Reached XP level 11. HP: 77/94 MP: 16/16
 10389 | D:9      | Reached skill level 8 in Fighting
 10400 | D:9      | Reached ** piety under Makhleb
 10678 | D:9      | Found a snail-covered altar of Cheibriados.
 10678 | D:9      | Found an ancient bone altar of Kikubaaqudgha.
 10725 | D:10     | Entered Level 10 of the Dungeon
 10757 | D:10     | Found a flagged portal.
 10770 | Bailey   | Identified a paperback manual
 10770 | Bailey   | Entered a bailey
 11182 | Bailey   | Found a roughly hewn altar of Beogh.
 11182 | Bailey   | Noticed an orc knight
 11239 | Bailey   | HP: 45/95 [orc warrior/bolt (16)]
 11243 | Bailey   | Slain by an orc warrior

Vault maps used:
D:1:      scummos_arrival_star
D:2:      first_bread, uniq_natasha
D:4:      old_standard_altar, uniq_menkaure
D:5:      serial_shops, kennysheep_mini_moat
D:6:      dancing_weapons_uskayaw, gammafunk_temple_overflow_pools,
          minmay_temple_entry_enclosed_plants, serial_glass, glass_columns_a,
          glass_columns_a, glass_columns_a, glass_columns_a, glass_columns_a,
          uniq_crazy_yiuf_cottage, uniq_prince_ribbit1
D:8:      nicolae_overflow_crystal_walls, minmay_lair_entry_lava, basic_altar
D:9:      nicolae_gozag_seed_capital, gammafunk_temple_overflow_elements,
          st_stairs_5, minivault_14
D:10:     basic_altar, enter_bailey_2
Temple:   nicolae_temple_great_sept
Bailey:   bailey_polearm_2, bailey

Skill      XL: |  1  2  3  4  5  6  7  8  9 10 11 |
---------------+----------------------------------+-----
Axes           | 3 4 6 8 10 11 14 16 | 16.0
Invocations    | 5 7 |  7.0
Fighting       | 7 8 |  8.5
Armour         | 7 |  7.8
Shields        | |  3.2

Action                   |  1- 3 |  4- 6 |  7- 9 | 10-12 || total
-------------------------+-------+-------+-------+-------++-------
Melee: War axe           |   143 |   208 |   375 |   169 ||   895
       Battleaxe         |       |       |       |    94 ||    94
Throw: Tomahawk          |       |       |     6 |     9 ||    15
Invok: Minor Destruction |       |       |       |    33 ||    33
Evoke: Wand              |       |       |     9 |     7 ||    16
  Use: Potion            |       |       |     1 |     3 ||     4
       Scroll            |       |       |       |     8 ||     8
  Eat: Chunk             |     1 |     6 |     2 |    12 ||    21
       Ration            |       |       |     4 |       ||     4
Armor: Scale mail        |    47 |       |       |       ||    47
       Plate armour      |    18 |   113 |   159 |   124 ||   414
Dodge: Dodged            |    34 |    30 |    28 |    44 ||   136
Block: Shield            |    76 |    83 |   126 |    60 ||   345

Table legend:
 A = Spawn XP
 B = Non-spawn XP
 C = Spawn XP percentage of total XP
 D = Spawn monster count
 E = Non-spawn monster count
 F = Spawn count percentage of total count
 G = Total turns spent on level
                    A         B        C        D         E        F      G
               +---------+---------+-------+---------+---------+-------+---------
         Total |       0 |   10171 |   0.0 |       0 |     211 |   0.0 | 11243
               +---------+---------+-------+---------+---------+-------+---------
           D:1 |       0 |      55 |   0.0 |       0 |      33 |   0.0 |   975
           D:2 |       0 |     157 |   0.0 |       0 |      24 |   0.0 |  1295
           D:3 |       0 |      93 |   0.0 |       0 |      23 |   0.0 |   558
           D:4 |       0 |     732 |   0.0 |       0 |      22 |   0.0 |  1160
           D:5 |       0 |     774 |   0.0 |       0 |      15 |   0.0 |  1461
           D:6 |       0 |    1446 |   0.0 |       0 |      20 |   0.0 |   955
           D:7 |       0 |     776 |   0.0 |       0 |      13 |   0.0 |  1279
           D:8 |       0 |    2614 |   0.0 |       0 |      22 |   0.0 |  1703
           D:9 |       0 |    2782 |   0.0 |       0 |      20 |   0.0 |  1230
          D:10 |       0 |      34 |   0.0 |       0 |       2 |   0.0 |    45
        Bailey |       0 |     708 |   0.0 |       0 |      17 |   0.0 |   473
               +---------+---------+-------+---------+---------+-------+---------
